 Dungeon Crawl Stone Soup version 0.31-a0-845-g9abc20d24f (webtiles) character file.

Game seed: 4713606018943725017

191 Nedwor the Slasher (level 5, -1/41 HPs)
             Began as a Merfolk Gladiator on Oct 3, 2023.
             Succumbed to an orc wizard's poison
             ... on level 5 of the Dungeon.
             The game lasted 00:03:28 (2246 turns).

Nedwor the Slasher (Merfolk Gladiator)              Turns: 2246, Time: 00:03:28

Health: -1/41      AC:  5    Str: 14    XL:     5   Next: 70%
Magic:  5/5        EV: 14    Int:  7    God:
Gold:   160        SH:  5    Dex: 18    Spells: 4/4 levels left

rFire   . . .        a - +1 long sword
rCold   . . .        (no shield)
rNeg    . . .        b - +0 leather armour
rPois   .            c - +0 helmet
rElec   .            (no cloak)
rCorr   .            (no gloves)
SInv    .            n - +0 pair of boots
Will    .....        g - amulet of reflection
Stlth   +            (no ring)
HPRegen 0.26/turn    (no ring)
MPRegen 0.09/turn

%: reflection
@: lethally poisoned (-1 -> -14)
A: (nimble swimmer 2), mertail
a: no special abilities


You were on level 5 of the Dungeon.
You visited 1 branch of the dungeon, and saw 4 of its levels.

You collected 160 gold pieces.

Inventory:

Hand Weapons
 a - a +1 long sword (weapon)
Missiles
 d - 3 throwing nets (quivered)
 e - a javelin
Armour
 b - a +0 leather armour (worn)
 c - a +0 helmet (worn)
 n - a +0 pair of boots (worn)
Jewellery
 g - an amulet of reflection (around neck)
 h - a ring of ice
Scrolls
 i - a scroll of enchant weapon
Potions
 f - 3 potions of cancellation
 k - a potion of heal wounds {unknown}


   Skills:
 + Level 3.6 Fighting
 * Level 5.9 Long Blades
 - Level 2.0 Throwing
 + Level 5.3 Dodging


You had 4 spell levels left.
You didn't know any spells.
Your spell library contained the following spells:

 Spells                   Type           Power      Damage    Failure   Level
 Blink                    Tloc           0%         N/A       65%         2
 Lesser Beckoning         Tloc           0%         N/A       65%         2
 Momentum Strike          Conj/Tloc      0%         3d8       65%         2


Dungeon Overview and Level Annotations

Branches:
Dungeon (3/15)

Altars:
Ashenzari


Innate Abilities, Weirdness & Mutations

((You are very nimble when in or above water. (Stealth+, EV+, Speed+++)))
Your lower body shifts to a powerful aquatic tail in water.


Message History

You are no longer poisoned.
You block the hound's attack. The hound bites you.
You barely miss the hound.
The hound is almost dead.
You block the hound's attack. The hound bites you.
You barely miss the hound.
The hound is almost dead.
The hound closely misses you.
You slash the hound!
You kill the hound!
The orc wizard points at you and mumbles some strange words.
You resist with some effort.
You hit the orc wizard.
The orc wizard is moderately wounded.
The orc wizard closely misses you.
You hit the orc wizard but do no damage.
The orc wizard is moderately wounded.
The orc wizard misses you.
You slash the orc wizard!
You kill the orc wizard!
You miss something. Something hits you.
You are poisoned.
You hit something.
You feel sick. Something hits you.
* * * LOW HITPOINT WARNING * * *
You are lethally poisoned!
You hit something.
* * * LOW HITPOINT WARNING * * *
You feel very sick. Something hits you but does no damage.
You completely miss something.
* * * LOW HITPOINT WARNING * * *
You feel very sick. Something hits you but does no damage.
You are more poisoned.
You hit something.
* * * LOW HITPOINT WARNING * * *
You feel very sick. Something barely misses you.
You closely miss something.
You die...

.#########
........
.(...
#..##
#...#
#.#.# #o#
.# #{# #
#@# #.##
#..# ##.##
#..# ##.#
#)# #)#
#.#


You could see an orc.

Vanquished Creatures
  A hound (D:5)
  An orc wizard (D:5)
  An adder (D:5)
  4 gnolls (D:2)
  An ufetubus (D:3)
  2 dart slugs
  9 orcs
  8 bats
  3 endoplasms
  4 giant cockroaches
  6 goblins
  4 hobgoblins
  4 jackals (D:2)
  3 kobolds
  A quokka (D:2)
  7 ball pythons
  A frilled lizard (D:1)
  7 rats
67 creatures vanquished.

Notes
Turn   | Place    | Note
-------+----------+-------------------------------------------
     0 | D:1      | Nedwor the Merfolk Gladiator began the quest for the Orb.
     0 | D:1      | Reached XP level 1. HP: 16/16 MP: 1/1
   130 | D:1      | Reached XP level 2. HP: 20/23 MP: 2/2
   607 | D:2      | Reached XP level 3. HP: 25/28 MP: 3/3
   872 | D:2      | Found Igebb's Vocational Training.
  1460 | D:3      | Reached XP level 4. HP: 32/34 MP: 4/4
  1480 | D:3      | Found a broken altar of Ashenzari.
  1554 | D:2      | Reached skill level 5 in Long Blades
  1896 | D:2      | Reached skill level 5 in Dodging
  1896 | D:2      | Reached XP level 5. HP: 27/41 MP: 5/5
  2151 | D:3      | You fall into a shaft and drop 2 floors!
  2151 | D:5      | Entered Level 5 of the Dungeon
  2245 | D:5      | HP: 2/41 [poisoned by an orc wizard]
  2246 | D:5      | Succumbed to an orc wizard's poison

Illustrated notes

Levels and vault maps discovered:
D:1:      mrwooster_arrival_arrow, layout_rooms, serial_glass, glass_columns_b,
          glass_columns_a, glass_columns_b, glass_columns_a,
          minmay_misc_feat_iff, kennysheep_decorative_pillar,
          nicolae_concentric_dashed_squares_wild
D:2:      layout_loops_corners, nicolae_shop_vocational
D:3:      layout_loops_ring, mainiacjoe_overflow_concentric_impassable,
          dk_noncrumbling_2, st_stairs_5, uniq_ijyb, uniq_crazy_yiuf_cottage
D:5:      layout_rooms, uniq_grinder

Skill      XL: |  1  2  3  4 |
---------------+-------------+-----
Long Blades    | 4 5 |  5.9
Fighting       | 3 |  3.6
Dodging        | 5 |  5.3
Throwing       | |  2.0

Action                     |  1- 3 |  4- 6 || total
---------------------------+-------+-------++-------
  Melee: Long sword        |   111 |    80 ||   191
    Use: Scroll            |       |     4 ||     4
   Stab: Sleeping          |     1 |       ||     1
 Armour: Leather armour    |    51 |    51 ||   102
  Dodge: Dodged            |    74 |    89 ||   163
  Block: Other             |    17 |    27 ||    44

Table legend: (Time is in decaauts)
 A = Elapsed time spent in this place.
 B = Non-inter-level travel time spent in this place.
 C = Inter-level travel time spent in this place.
 D = Time resting spent in this place.
 E = Time spent auto-exploring this place.
 F = Levels seen in this place.
 G = Mean time per level.
                   A        B        C        D        E       F      G
               +--------+--------+--------+--------+--------+-----+--------+
         Total |   2285 |   2155 |    130 |    306 |   1307 |   4 |  571.2 |
       Dungeon |   2285 |   2155 |    130 |    306 |   1307 |   4 |  571.2 |
               +--------+--------+--------+--------+--------+-----+--------+

Top non-repeatable levels by time:
     D:2: 1328 daAuts
     D:1: 579 daAuts
     D:3: 279 daAuts
     D:5: 98 daAuts
